 Dungeon Crawl Stone Soup version v1.0-4-gf91daec (webtiles) character file.

409177 Thalamas the Unseen (level 23, -5/250 HPs)
             Began as a Naga Fighter on Feb 10, 2018.
             Was the Champion of Okawaru.
             Killed from afar by a balrug (12 damage)
             ... with a fireball
             ... in a wizard's laboratory on Feb 12, 2018.
             The game lasted 02:54:58 (60262 turns).

Thalamas the Unseen (Naga Fighter)                 Turns: 60262, Time: 02:54:59

Health: -5/250     AC: 33    Str: 25    XL:     23   Next: 47%
Magic:  32/32      EV:  6    Int: 15    God:    Okawaru [******]
Gold:   2778       SH: 16    Dex: 11    Spells: 28/30 levels left

rFire    + . .     SeeInvis +   S - +3 eveningstar (holy) {god gift}
rCold    + . .     Gourm    .   V - +5 shield {reflect} {Donald}
rNeg     + . .     Faith    .   U - +2 plate armour "Fawi" {Slay+4}
rPois    +         Spirit   .   x - +1 hat {SInv} {god gift}
rElec    +         Reflect  +   C - scarf {rC+ rF+}
rCorr    .         Harm     .   y - +1 pair of gloves {archery}
MR       ++++.                  l - +2 naga barding {Fly} {god gift}
Stlth    +.........             D - amulet of regeneration
HPRegen  0.91/turn              h - ring of positive energy
MPRegen  0.23/turn              J - ring of the Mage {Wiz MR++ Int+3}

@: liquid flames, flying, glowing, studying Dodging, drained, very slow
A: large, see invisible, deformed body, poison resistance, robust 1, electricity
resistance, slowness 2, slow metabolism 1, spit poison 2, constrict 1, AC +7
}: 2/15 runes: barnacled, gossamer
a: Breathe Poison Gas, Heroism, Finesse, Renounce Religion, Stop Flying


You were in a wizard's laboratory.
You worshipped Okawaru.
Okawaru was exalted by your worship.
You were not hungry.

You visited 9 branches of the dungeon, and saw 40 of its levels.
You also visited: Ice Cave, Wizlab and Desolation.

You collected 4980 gold pieces.
You spent 2202 gold pieces at shops.

Inventory:

Hand Weapons
 d - a +9 eveningstar of crushing
 n - a +0 demon whip
 S - a +3 eveningstar of holy wrath (weapon) {god gift}
Missiles
 F - 15 javelins (quivered)
 N - 44 poisoned javelins {god gift}
 R - 41 javelins of penetration
Armour
 e - the +4 ring mail of the Dungeon {god gift, rElec rF+ rN++ Int-3, unknown}
   (Okawaru gifted it to you on level 1 of the Depths)

   It affects your intelligence (-3).
   It protects you from fire.
   It insulates you from electricity.
   It greatly protects you from negative energy.
 l - a +2 naga barding of flying (worn) {god gift}
 x - a +1 hat of see invisible (worn) {god gift}
 y - a +1 pair of gloves of archery (worn)
 C - a scarf of resistance (worn)
 U - the +2 plate armour "Fawi" (worn) {Slay+4}
   (You found it on level 3 of the Lair of Beasts)

   It affects your accuracy and damage with ranged weapons and melee attacks
   (+4).
 V - a +5 shield of reflection (worn) {Donald}
Jewellery
 h - a ring of positive energy (left hand)
 D - an amulet of regeneration (around neck)
 I - the ring "Qaoclott" {rCorr Int+5}
   (You found it in the Desolation of Salt)

   [ring of resist corrosion]

   It affects your intelligence (+5).
 J - the ring of the Mage (right hand) {Wiz MR++ Int+3}
   (You found it on level 1 of the Vaults)

   [ring of wizardry]

   It improves your spell success rate.
   It affects your intelligence (+3).
   It affects your resistance to hostile enchantments.
Wands
 i - a wand of iceblast (18)
 m - a wand of clouds (4)
 s - a wand of acid (5)
 u - a wand of paralysis (79)
 v - a wand of enslavement (29)
 L - a wand of digging (18)
Scrolls
 g - 29 scrolls of remove curse
 j - 15 scrolls of teleportation
 p - a scroll of holy word
 q - 5 scrolls of fog
 B - 2 scrolls of fear
 E - 3 scrolls of magic mapping
 H - 4 scrolls of recharging
 X - a scroll of blinking
Potions
 a - 6 potions of curing
 c - 3 potions of cancellation
 k - a potion of magic
 r - 4 potions of resistance
 t - 6 potions of haste
 w - a potion of heal wounds
 z - 2 potions of berserk rage
 A - 4 potions of might
 G - a potion of mutation
 M - 5 potions of restore abilities
 O - 3 potions of agility
Books
 Q - a manual of Dodging
Miscellaneous
 b - a phial of floods
 o - a lamp of fire
 P - a harp of healing
Comestibles
 f - 45 rations


   Skills:
 - Level 18.0(17.3) Fighting
 - Level 16.0(15.3) Maces & Flails
 - Level 16.0(15.3) Throwing
 - Level 15.0(14.3) Armour
 + Level 8.3(7.7) Dodging
 - Level 20.0(19.3) Stealth
 - Level 9.0(8.5) Shields
 - Level 4.0(3.5) Spellcasting
 - Level 6.0(5.5) Translocations
 + Level 7.1(6.6) Invocations
 - Level 13.0(12.4) Evocations


You had 28 spell levels left.
You knew the following spells:

 Your Spells              Type           Power        Failure   Level  Hunger
a - Blink                 Tloc           N/A          11%         2    ##.....


Dungeon Overview and Level Annotations

Branches:
Dungeon (15/15)            Temple (1/1) D:4            Lair (6/6) D:11
 Shoals (4/4) Lair:3       Spider (4/4) Lair:4        Slime (0/5) Lair:6
    Orc (2/2) D:10            Elf (3/3) Orc:2        Vaults (4/5) D:14
  Crypt (0/3) Vaults:3     Depths (1/5) D:15

Altars:
Ashenzari
Cheibriados
Dithmenos
Elyvilon
Fedhas
Gozag
Hepliaklqana
Jiyva
Kikubaaqudgha
Makhleb
Nemelex Xobeh
Okawaru
Qazlal
Ru
Sif Muna
Trog
Uskayaw
Vehumet
Wu Jian
Xom
Yredelemnul
Zin
The Shining One
Beogh

Shops:
D:5 (   D:7 *   D:15 (   Orc:1 (   Orc:2 (*=[(   Elf:2 ([   Vaults:1 ?
Vaults:2 [   Vaults:4 *

Portals:
Hell: Lair:6
Trove: Vaults:3 (show abyssal rune of Zot)

Annotations:
D:6 plsesad's ghost, novice DEFE


Innate Abilities, Weirdness & Mutations

You cannot wear boots.
Your serpentine skin is tough. (AC +7)
You have supernaturally acute eyesight. (SInv)
Armour fits poorly on your strangely shaped body.
Your system is resistant to poisons. (rPois)
You cover ground very slowly.
You have a slow metabolism.
You can exhale a cloud of poison.
You can use your snake-like lower body to constrict enemies.
You are robust. (+10% HP)
You are resistant to electric shocks. (rElec)


Message History

There is an open gate here.
You impale the tormentor!!
You kill the tormentor!
Crabawaru accepts your kill.
You are covered in liquid flames!
* * * CRAB GONE DIE * * *
The Tzitzimitl gestures at you. The bolt of negative energy hits you!
You partially resist.
You feel drained.
* * * CRAB GONE DIE * * *
The balrug hits you with a demoncrab whip!
* * * CRAB GONE DIE * * *
You are engulfed in flames!
You resist.
* * * CRAB GONE DIE * * *
Unknown command.
Okay, then.
You are covered in liquid flames!
* * * CRAB GONE DIE * * *
The balrug gestures at you.
The fireball explodes!
The fireball engulfs you! You resist.
Your journey is over little crab

##.......#.....#.......##
###.................###
##....#.....#....##
#....##...##....#
##....##.##....##
##...........##
#...........#
##.........## ##.@.....##
###''(### ###.2(..###
###...(.....#
#....(........#
#..@1...........#
#.....(#####......
#....(# #..... ...(.#
#....


You could see a balrug.

Vanquished Creatures
  Nikola (Shoals:2)
  Arachne (Spider:2)
  Jorgrun (Shoals:3)
  Rupert (D:12)
  An Ice Fiend (IceCv)
  The ghost of Ark the Severer, an adept MiBe of Trog (Vaults:3)
  2 deep elf blademasters (Elf:3)
  2 ancient champions (Vaults:3)
  A storm dragon (Vaults:4)
  A shadow dragon (Vaults:4)
  Kirke (D:12)
  A sphinx (Vaults:4)
  A tengu reaver (Vaults:4)
  Donald (Shoals:2)
  The ghost of plsesad the Grappler, a journeyman TrMo of Okawaru (Shoals:1)
  12 vault wardens
  A balrug (WizLab)
  4 fire giants
  3 frost giants
  5 ghost moths
  7 emperor scorpions (Spider:4)
  Louise (D:14)
  9 deep elf sorcerers
  A ghoul (Vaults:3)
  2 cacodemons (WizLab)
  An imperial myrmidon (Desolation)
  4 orc warlords
  7 very ugly things
  A war gargoyle (Vaults:4)
  9 ironheart preservers
  7 stone giants
  A lorocyproca (WizLab)
  9 deep elf demonologists
  6 deep elf annihilators
  Azrael (D:15)
  2 spark wasps
  A purple draconian (Vaults:4)
  3 halazid warlocks (Desolation)
  A black sun (WizLab)
  6 ettins
  2 crystal guardians
  2 green deaths (WizLab)
  5 merfolk javelineers
  2 blizzard demons (WizLab)
  6 ragged hierophants (Desolation)
  4 merfolk impalers
  3 fire dragons
  7 deep elf death magi
  3 deep elf high priests
  8 yaktaur captains
  6 great orbs of eyes
  3 peacekeepers (Desolation)
  6 rakshasas
  6 servants of whispers (Desolation)
  6 hydras
  22 vault guards
  4 ice dragons
  2 merfolk avatars
  3 catoblepae
  2 deep troll shamans
  27 two-headed ogres
  12 ogre magi
  35 dancing weapons
  The ghost of plsesad the Eclecticist, a journeyman DEFE of Vehumet (D:12)
  6 centaur warriors
  5 merfolk aquamancers (Shoals:4)
  3 death knights
  A tengu warrior (D:11)
  3 death yaks (Shoals:2)
  3 satyrs
  4 orc high priests
  Urug (D:15)
  A hell knight (Vaults:4)
  A soul eater (Depths:1)
  A deep troll earth mage (Vaults:1)
  A fire crab (shapeshifter) (Vaults:3)
  A shadow wraith (Vaults:1)
  20 deep elf knights
  The ghost of Chic the Martial Artist, a novice SETm of Hepliaklqana (D:9)
  2 unseen horrors
  An unseen horror (shapeshifter) (Vaults:1)
  7 sea snakes
  A sixfirhy (Lair:6)
  3 skeletal warriors
  4 shadow demons (WizLab)
  12 deep trolls
  A flayed ghost (Vaults:4)
  A glowing orange brain (Vaults:3)
  13 deep elf archers
  19 ironbrand convokers
  2 necromancers
  2 phantasmal warriors (Vaults:4)
  4 wizards
  A harpy (shapeshifter) (Depths:1)
  14 fauns
  24 wolf spiders
  A mana viper (shapeshifter) (Depths:1)
  29 harpies
  22 orb spiders
  8 manticores
  11 orc knights
  A wolf spider (shapeshifter) (Vaults:4)
  56 deep elf magi
  17 ugly things
  8 cyclopes
  A moth of wrath (Spider:2)
  8 orc sorcerers
  2 salamanders (Depths:1)
  A fire giant skeleton (Vaults:3)
  3 orange demons (Lair:6)
  4 guardian serpents
  2 guardian serpents (shapeshifter)
  7 elephants (Lair:5)
  A torpor snail (Spider:1)
  A black mamba (shapeshifter) (Vaults:1)
  3 black mambas
  2 water nymphs
  6 merfolk sirens
  A rust devil (WizLab)
  4 ice statues (IceCv)
  2 smoke demons
  A gargoyle (D:14)
  12 spiny frogs
  12 vault sentinels
  A rime drake (shapeshifter) (Vaults:3)
  2 kobold demonologists
  A yaktaur zombie (Vaults:3)
  An efreet (D:15)
  9 rime drakes
  A hellion (WizLab)
  6 tormentors (WizLab)
  3 komodo dragons
  6 freezing wraiths
  24 yaktaurs
  2 hellwings (WizLab)
  22 jumping spiders
  6 demonic crawlers
  2 anaconda simulacra (IceCv)
  5 red devils
  14 ice devils
  A redback zombie (D:15)
  A jumping spider (shapeshifter) (Vaults:2)
  3 meliai (D:15)
  4 polar bears
  A queen bee (Lair:3)
  8 trolls
  A hornet (shapeshifter) (Vaults:3)
  2 human skeletons (Vaults:3)
  14 merfolk
  2 wind drakes
  A slime creature (Depths:1)
  10 hornets
  30 saltlings (Desolation)
  5 snapping turtles
  8 boulder beetles
  27 blink frogs
  A blink frog (shapeshifter) (Vaults:3)
  18 dream sheep
  19 hippogriffs
  Sigmund (D:2)
  6 air elementals
  A neqoxec (WizLab)
  A dire elephant simulacrum (IceCv)
  7 water elementals
  2 wraiths
  53 redbacks
  6 hogs (D:12)
  4 shadows
  29 tarantellas
  A steam dragon (D:7)
  Eustachio (D:6)
  7 fire elementals
  4 wyverns
  30 yaks
  3 fire bats (Depths:1)
  2 basilisks
  A hog (shapeshifter) (Vaults:1)
  2 chaos spawn (WizLab)
  3 harpy simulacra (IceCv)
  2 hungry ghosts
  A swamp worm (shapeshifter) (Elf:3)
  10 wargs
  An iron troll simulacrum (IceCv)
  11 water moccasins
  2 soldier ants (D:12)
  2 hydra simulacra (IceCv)
  2 acid dragons
  10 hell hounds
  5 porcupines
  Duvessa (D:5)
  3 ice beasts
  49 orc warriors
  3 black bears
  A hornet zombie (D:11)
  5 sky beasts
  2 necrophages
  2 ogres (shapeshifter)
  5 boggarts (Vaults:1)
  An eye of draining (D:8)
  4 wolves
  An ettin simulacrum (IceCv)
  23 centaurs
  An elf skeleton (Vaults:3)
  34 ogres
  10 crocodiles
  2 big kobolds
  11 bullfrogs
  3 gnoll sergeants
  Dowan (D:5)
  A wyvern zombie (D:11)
  3 earth elementals
  2 scorpions
  A wyvern skeleton (D:14)
  A human simulacrum (Vaults:1)
  34 killer bees
  8 wights
  4 electric eels (D:11)
  3 howler monkeys
  4 crimson imps
  3 bullfrog zombies
  2 quasits
  15 hounds
  3 jellies
  3 centaur skeletons
  5 centaur zombies
  23 orc priests
  38 orc wizards
  A gnoll shaman (D:8)
  An iron imp (Depths:1)
  Jessica (D:2)
  Natasha (thrice) (D:3)
  3 iguanas
  8 worker ants
  7 hell rats (Lair:4)
  20 sheep
  2 hound skeletons
  A hound zombie (D:9)
  16 adders
  23 gnolls
  5 shadow imps
  An ufetubus (Depths:1)
  An adder skeleton (D:5)
  An adder zombie (D:8)
  6 worms
  A dart slug (D:1)
  3 leopard geckos
  101 orcs
  A giant cockroach (D:8)
  2 gnoll zombies (D:2)
  4 goblins
  3 hobgoblins
  11 jackals
  10 kobolds
  4 quokkas
  4 ball pythons
  7 bats
  4 frilled lizards
  A jackal zombie (D:7)
  A leopard gecko skeleton (D:4)
  3 quokka skeletons
  7 rats
  A fungus (Lair:6)
  3 plants
1744 creatures vanquished.

Vanquished Creatures (collateral kills)
  A two-headed ogre (Vaults:2)
  A tarantella (Spider:4)
  A centaur (Vaults:2)
3 creatures vanquished.

Vanquished Creatures (others)
  2 deep elf master archers (Elf:3)
  Polyphemus (Shoals:2)
  Ilsuiw (Shoals:4)
  A ghost moth (Spider:4)
  2 merfolk javelineers
  A merfolk impaler (Shoals:3)
  A yaktaur captain (Vaults:2)
  A centaur warrior (Vaults:2)
  A two-headed ogre (Vaults:2)
  A satyr (Shoals:3)
  A sea snake (Shoals:4)
  A deep elf mage (Elf:2)
  A wolf spider (D:14)
  A merfolk siren (Shoals:3)
  3 yaktaurs
  2 merfolk (Shoals:3)
  An air elemental (Elf:3)
  3 orcs
  A quokka (D:6)
  A fire vortex (Lair:4)
  2 fungi (Lair:6)
  6 plants
35 creatures vanquished.

Grand Total: 1782 creatures vanquished

Notes
Turn   | Place    | Note
-------+----------+-------------------------------------------
     0 | D:1      | Thalamas the Naga Fighter began the quest for the Orb.
     0 | D:1      | Reached XP level 1. HP: 21/21 MP: 1/1
   294 | D:1      | Reached XP level 2. HP: 24/28 MP: 2/2
   440 | D:1      | Found an iron altar of Okawaru.
   450 | D:1      | Became a worshipper of Warmaster Okawaru
   743 | D:2      | Found a shimmering altar of Xom.
   743 | D:2      | Found a hazy altar of Hepliaklqana.
   743 | D:2      | Found a white marble altar of Elyvilon.
   743 | D:2      | Found a viscous altar of Jiyva.
   937 | D:2      | Found a blossoming altar of Fedhas.
   937 | D:2      | Found a sacrificial altar of Ru.
   973 | D:2      | Reached XP level 3. HP: 27/34 MP: 3/3
  1202 | D:2      | Found a basalt altar of Yredelemnul.
  1392 | D:2      | Noticed Jessica
  1405 | D:2      | Killed Jessica
  1415 | D:2      | Reached XP level 4. HP: 23/42 MP: 4/4
  1423 | D:2      | Identified Jessica's Incunabulum of the Compass
  1622 | D:2      | Noticed Sigmund
  1634 | D:2      | Killed Sigmund
  1634 | D:2      | Reached XP level 5. HP: 36/50 MP: 5/5
  1634 | D:2      | Reached XP level 6. HP: 41/57 MP: 6/6
  1692 | D:2      | Found a faded altar of an unknown god.
  2187 | D:3      | Noticed Natasha
  2194 | D:3      | Killed Natasha
  2194 | D:3      | Reached * piety under Okawaru
  2313 | D:3      | Noticed Natasha
  2322 | D:3      | Killed Natasha
  2892 | D:3      | Noticed Natasha
  2904 | D:3      | Killed Natasha
  3061 | D:3      | Reached XP level 7. HP: 66/66 MP: 7/7
  3292 | D:4      | Found a staircase to the Ecumenical Temple.
  3305 | Temple   | Entered the Ecumenical Temple
  3377 | D:5      | Entered Level 5 of the Dungeon
  3815 | D:4      | Reached skill level 5 in Fighting
  4326 | D:5      | Noticed a hippogriff
  4336 | D:5      | Killed a hippogriff
  4351 | D:5      | Reached skill level 5 in Maces & Flails
  4374 | D:5      | Reached XP level 8. HP: 30/75 MP: 8/8
  4750 | D:5      | Reached ** piety under Okawaru
  4937 | D:5      | Found Legazxep's Antique Weapon Shop.
  4992 | D:5      | Noticed Duvessa
  4992 | D:5      | Noticed Dowan
  5014 | D:5      | Killed Duvessa
  5026 | D:5      | Killed Dowan
  5750 | D:6      | Noticed Eustachio
  5794 | D:6      | Killed Eustachio
  6104 | D:6      | Noticed plsesad's ghost (novice DEFE)
  6812 | D:5      | HP: 3/80 [burnt (13)]
  7154 | D:5      | Gained mutation: You are resistant to electric shocks. (rElec) [mutagenic meat]
  7155 | D:5      | Gained mutation: Devices are less effective at restoring your health. [mutagenic meat]
  7157 | D:5      | Gained mutation: You possess an exceptional clarity of mind. [mutagenic meat]
  7158 | D:5      | Gained mutation: You can exhale a cloud of poison. [mutagenic meat]
  7221 | D:6      | Reached XP level 9. HP: 86/86 MP: 9/9
  7288 | D:6      | Found an ancient bone altar of Kikubaaqudgha.
  7331 | D:6      | Found Tuthicie's Magic Scroll Boutique.
  7334 | D:6      | Bought a scroll of random uselessness for 12 gold pieces
  7334 | D:6      | Bought a scroll of teleportation for 36 gold pieces
  7334 | D:6      | Bought a scroll of amnesia for 42 gold pieces
  7334 | D:6      | Bought a scroll of identify for 24 gold pieces
  7334 | D:6      | Bought a scroll of vulnerability for 90 gold pieces
  7334 | D:6      | Bought a scroll of enchant weapon for 90 gold pieces
  7679 | D:7      | Found Vamnom's General Store.
  7691 | D:7      | Reached *** piety under Okawaru
  7702 | D:7      | Bought a scroll of remove curse for 30 gold pieces
  9042 | D:7      | Reached **** piety under Okawaru
  9411 | D:7      | Found a glowing golden altar of the Shining One.
  9417 | D:7      | Noticed a two-headed ogre
  9420 | D:7      | Killed a two-headed ogre
  9420 | D:7      | Reached XP level 10. HP: 84/102 MP: 10/10
  9532 | D:7      | Reached skill level 10 in Fighting
 10065 | D:8      | Reached skill level 10 in Maces & Flails
 10243 | D:8      | Got a dazzling hand axe
 10244 | D:8      | Identified the +0 hand axe of the Magi {chop, Str+6 Dex-2} (You found it on level 8 of the Dungeon)
 10882 | D:8      | Reached ***** piety under Okawaru
 11643 | D:8      | Learned a level 2 spell: Blink
 11985 | D:9      | Noticed Chic's ghost (novice SETm)
 12012 | D:9      | Killed Chic's ghost
 12012 | D:9      | Reached XP level 11. HP: 95/111 MP: 11/11
 12038 | D:9      | Received a gift from Okawaru
 12591 | D:10     | Entered Level 10 of the Dungeon
 12895 | D:10     | Found a staircase to the Orcish Mines.
 12896 | D:10     | Noticed a two-headed ogre
 12908 | D:10     | Killed a two-headed ogre
 13046 | D:10     | Received a gift from Okawaru
 13074 | D:10     | Got a dazzling quick blade {god gift}
 13080 | D:10     | Identified the Papyrus of Translocation
 13939 | D:11     | Found a staircase to the Lair.
 13986 | D:11     | Noticed a cyclops
 14000 | D:11     | Killed a cyclops
 14230 | D:11     | Noticed a tengu warrior
 14241 | D:11     | Killed a tengu warrior
 14646 | D:12     | Noticed Rupert
 14671 | D:12     | Noticed plsesad's ghost (journeyman DEFE)
 14689 | D:12     | Killed plsesad's ghost
 14689 | D:12     | Received a gift from Okawaru
 14689 | D:12     | Reached XP level 12. HP: 105/123 MP: 12/12
 14821 | Lair:1   | Entered Level 1 of the Lair of Beasts
 15040 | Lair:1   | Noticed a six-headed hydra
 15049 | Lair:1   | Killed a six-headed hydra
 16189 | Lair:1   | Received a gift from Okawaru
 16276 | Lair:1   | Reached ****** piety under Okawaru
 16713 | Lair:2   | Found a hide-covered altar of Uskayaw.
 17615 | Lair:3   | Found a staircase to the Shoals.
 18094 | Lair:3   | Found a bloodstained altar of Trog.
 18101 | Lair:3   | Reached skill level 5 in Shields
 18313 | Lair:3   | Gained mutation: You can use your snake-like lower body to constrict enemies. [Naga growth]
 18313 | Lair:3   | Reached XP level 13. HP: 109/135 MP: 13/13
 18638 | Lair:3   | Got a brightly glowing plate armour
 18639 | Lair:3   | Identified the +2 plate armour "Fawi" {Slay+4} (You found it on level 3 of the Lair of Beasts)
 19123 | Lair:4   | Received a gift from Okawaru
 19334 | Lair:4   | Found a hole to the Spider Nest.
 20820 | Lair:5   | Reached skill level 1 in Dodging
 21267 | Lair:6   | Entered Level 6 of the Lair of Beasts
 21782 | Lair:6   | Received a gift from Okawaru
 21828 | Lair:6   | Reached skill level 5 in Armour
 21923 | Lair:6   | Got a pitted whip
 21924 | Lair:6   | Identified the +9 whip "Oquroskol" {speed, +Inv rF+ rC+ MP+9} (You found it on level 6 of the Lair of Beasts)
 22009 | Lair:6   | Reached XP level 14. HP: 116/144 MP: 14/14
 22069 | Lair:6   | Found a staircase to the Slime Pits.
 22073 | Lair:6   | Found a viscous altar of Jiyva.
 22397 | Lair:6   | Reached skill level 5 in Dodging
 22975 | Lair:6   | Found a burning altar of Makhleb.
 23028 | Lair:6   | Found a gateway to Hell.
 23298 | Orc:1    | Entered Level 1 of the Orcish Mines
 23298 | Orc:1    | Found Jonnoq's Weapon Boutique.
 23304 | Orc:1    | Noticed a stone giant
 23318 | Orc:1    | Killed a stone giant
 23412 | Orc:1    | Noticed an orc warlord
 23594 | D:10     | Killed an orc warlord
 23594 | D:10     | Received a gift from Okawaru
 23594 | D:10     | Reached skill level 5 in Evocations
 23836 | Orc:1    | Found a roughly hewn altar of Beogh.
 24316 | Orc:2    | Entered Level 2 of the Orcish Mines
 24316 | Orc:2    | Noticed an orc warlord
 24340 | Orc:2    | Killed an orc warlord
 24577 | Orc:2    | Found a staircase to the Elven Halls.
 24592 | Orc:2    | Noticed an orc warlord
 24880 | Orc:1    | Killed an orc warlord
 25066 | Orc:2    | Reached skill level 10 in Evocations
 25088 | Orc:2    | Found a roughly hewn altar of Beogh.
 25416 | Orc:2    | Noticed an orc warlord
 25450 | Orc:2    | Killed an orc warlord
 25450 | Orc:2    | Received a gift from Okawaru
 25450 | Orc:2    | Reached XP level 15. HP: 110/151 MP: 22/23
 25651 | Orc:2    | Found a roughly hewn altar of Beogh.
 25687 | Orc:2    | Found Baisk's General Store.
 25706 | Orc:2    | Found Pekytaj's Antique Armour Shop.
 25855 | Orc:2    | Found Vearghips's Weapon Shoppe.
 25892 | Orc:2    | Found Zaten's Jewellery Shop.
 25961 | Orc:2    | Found Kytsaps's Antique Weapon Shop.
 26059 | Orc:2    | Bought a +2 morningstar of draining for 249 gold pieces
 26206 | D:6      | Bought a scroll of acquirement for 624 gold pieces
 26206 | D:6      | Bought a scroll of acquirement for 624 gold pieces
 26222 | D:6      | Bought a scroll of enchant weapon for 90 gold pieces
 26222 | D:6      | Bought a scroll of identify for 24 gold pieces
 26222 | D:6      | Bought a scroll of teleportation for 36 gold pieces
 26419 | D:12     | Killed Rupert
 26707 | D:12     | Noticed Kirke
 26716 | D:12     | Killed Kirke
 26716 | D:12     | Received a gift from Okawaru
 27607 | D:13     | Reached skill level 15 in Maces & Flails
 28191 | D:14     | Noticed Louise
 28206 | D:14     | Killed Louise
 28301 | D:14     | Received a gift from Okawaru
 28589 | D:14     | Found a gate to the Vaults.
 28620 | D:14     | Received a gift from Okawaru
 28782 | D:15     | Entered Level 15 of the Dungeon
 28785 | D:15     | Found Xiroc's Weapon Boutique.
 28798 | D:15     | Reached skill level 1 in Throwing
 29053 | D:15     | Reached XP level 16. HP: 159/159 MP: 25/25
 29057 | D:15     | Noticed Urug
 29060 | D:15     | Killed Urug
 29159 | D:15     | Found a staircase to the Depths.
 29207 | D:15     | Noticed Azrael
 29226 | D:15     | Killed Azrael
 30046 | Shoals:1 | Entered Level 1 of the Shoals
 30103 | Spider:1 | Entered Level 1 of the Spider Nest
 31131 | Spider:1 | Reached skill level 5 in Throwing
 31411 | Spider:2 | Noticed Arachne
 31429 | Spider:2 | Killed Arachne
 32088 | Spider:2 | Received a gift from Okawaru
 32487 | Spider:3 | Reached skill level 10 in Armour
 32986 | Spider:4 | Entered Level 4 of the Spider Nest
 33697 | Spider:4 | Reached XP level 17. HP: 129/166 MP: 23/26
 34882 | Spider:4 | Received a gift from Okawaru
 34883 | Spider:4 | Got an ichor-stained mace {god gift}
 34884 | Spider:4 | Identified the +10 mace of Impermanence {god gift, protect, rElec rC+} (Okawaru gifted it to you on level 4 of the Spider Nest)
 35973 | Spider:4 | Got a gossamer rune of Zot
 36237 | Shoals:1 | Got an encrusted plate armour
 36238 | Shoals:1 | Identified the +9 plate armour "Plog" {rCorr Str+7 Dex-5} (You found it on level 1 of the Shoals)
 36325 | Shoals:1 | Got a sparkling jade ring
 36365 | Shoals:1 | Identified the ring "Xiad" {+Fly rElec rC+ Str-5 SInv} (You found it on level 1 of the Shoals)
 36370 | Shoals:1 | Noticed plsesad's ghost (journeyman TrMo)
 36493 | Shoals:1 | Killed plsesad's ghost
 36493 | Shoals:1 | Received a gift from Okawaru
 36957 | Shoals:1 | Reached skill level 10 in Throwing
 37306 | Shoals:2 | Noticed Donald
 37318 | Shoals:2 | Killed Donald
 37318 | Shoals:2 | Received a gift from Okawaru
 37435 | Shoals:2 | Found a frozen archway.
 37439 | IceCv    | Entered an ice cave
 37824 | IceCv    | Received a gift from Okawaru
 38224 | IceCv    | Noticed an Ice Fiend
 38232 | IceCv    | Killed an Ice Fiend
 38232 | IceCv    | Received a gift from Okawaru
 38514 | IceCv    | Got a smoking flail {god gift}
 38539 | IceCv    | Got a tattered robe
 38850 | Shoals:2 | Reached XP level 18. HP: 147/175 MP: 21/27
 39291 | Shoals:2 | Noticed Polyphemus
 39749 | Shoals:2 | Killed Polyphemus
 40210 | Shoals:3 | Noticed Nikola
 40246 | Shoals:2 | Killed Nikola
 40561 | Shoals:3 | Received a gift from Okawaru
 40764 | Shoals:3 | Identified the +7 demon whip of Hibbuosm {god gift, venom, rF- rN+ MR+} (Okawaru gifted it to you on level 3 of the Shoals)
 40765 | Shoals:3 | Identified the +2 flail of Innocence {god gift, flame, +Blink rPois rC- Int-3} (Okawaru gifted it to you in an ice cave)
 41520 | Shoals:3 | Noticed Jorgrun
 41522 | Shoals:3 | Lost mutation: You can exhale a cloud of poison. [potion of mutation]
 41522 | Shoals:3 | Lost mutation: You possess an exceptional clarity of mind. [potion of mutation]
 41522 | Shoals:3 | Lost mutation: Devices are less effective at restoring your health. [potion of mutation]
 41522 | Shoals:3 | Gained mutation: You are weak. (Str -2) [potion of mutation]
 41522 | Shoals:3 | Gained mutation: You evolve. [potion of mutation]
 41522 | Shoals:3 | Gained mutation: You can exhale a cloud of poison. [potion of mutation]
 41540 | Shoals:3 | Killed Jorgrun
 42063 | Shoals:4 | Entered Level 4 of the Shoals
 42097 | Shoals:4 | Received a gift from Okawaru
 42490 | Shoals:4 | Noticed Ilsuiw
 42490 | Shoals:4 | Gained mutation: You are robust. (+10% HP) [evolution]
 42892 | Shoals:4 | Killed Ilsuiw
 43666 | Shoals:4 | Received a gift from Okawaru
 43821 | Shoals:4 | Got a barnacled rune of Zot
 44166 | Shoals:4 | Identified the Catalogue of Attacks
 44632 | Vaults:1 | Entered Level 1 of the Vaults
 44901 | Vaults:1 | Found Gyuxub's Magic Scroll Shoppe.
 44930 | Vaults:1 | Bought 2 scrolls of identify for 64 gold pieces
 44930 | Vaults:1 | Bought a scroll of identify for 32 gold pieces
 44953 | Vaults:1 | Reached XP level 19. HP: 200/200 MP: 28/28
 44958 | Vaults:1 | Received a gift from Okawaru
 46181 | Vaults:1 | Received a gift from Okawaru
 46208 | Vaults:1 | Found the ring of the Mage {Wiz MR++ Int+3}
 47095 | Vaults:2 | Reached skill level 15 in Armour
 47577 | Vaults:2 | Reached skill level 15 in Throwing
 47941 | Vaults:2 | Reached XP level 20. HP: 209/209 MP: 29/29
 47976 | Vaults:2 | Found Juigecul's Antique Armour Boutique.
 48024 | Vaults:2 | Received a gift from Okawaru
 48493 | Vaults:2 | Lost mutation: You are weak. (Str -2) [evolution]
 48493 | Vaults:2 | Lost mutation: You evolve. [end of evolution]
 48754 | Vaults:2 | Reached skill level 1 in Stealth
 48849 | Vaults:2 | Reached skill level 2 in Stealth
 49129 | Vaults:3 | Reached skill level 3 in Stealth
 49269 | Vaults:3 | Reached skill level 4 in Stealth
 49280 | Vaults:3 | Reached skill level 5 in Stealth
 49614 | Vaults:3 | Reached skill level 6 in Stealth
 49641 | Vaults:3 | Found a staircase to the Crypt.
 49770 | Vaults:3 | Noticed Ark's ghost (adept MiBe)
 49863 | Vaults:3 | Killed Ark's ghost
 49863 | Vaults:3 | Received a gift from Okawaru
 50094 | Vaults:3 | Reached skill level 7 in Stealth
 50253 | Vaults:3 | Found a bloodstained altar of Trog.
 50425 | Vaults:3 | Reached skill level 8 in Stealth
 50607 | Vaults:3 | Found a portal to a secret trove of treasure.
 50936 | Vaults:4 | Reached skill level 9 in Stealth
 51163 | Vaults:4 | Reached skill level 15 in Fighting
 51301 | Vaults:4 | Reached skill level 10 in Stealth
 51306 | Vaults:4 | Received a gift from Okawaru
 51449 | Vaults:4 | Received a gift from Okawaru
 51449 | Vaults:4 | Reached skill level 11 in Stealth
 51598 | Vaults:4 | Reached XP level 21. HP: 197/221 MP: 30/30
 51830 | Vaults:4 | Reached skill level 12 in Stealth
 52283 | Vaults:4 | Found Gick's General Store.
 52291 | Vaults:4 | Bought a scroll of enchant armour for 135 gold pieces
 52313 | Vaults:4 | Received a gift from Okawaru
 52317 | Vaults:4 | Reached skill level 13 in Stealth
 52971 | Vaults:4 | Reached skill level 14 in Stealth
 52991 | Vaults:4 | Received a gift from Okawaru
 53394 | Vaults:4 | Received a gift from Okawaru
 53712 | Vaults:4 | Identified the +3 scale mail "Eghy" {*Corrode rC+ rN+ Str+2} (You found it on level 4 of the Vaults)
 53770 | Vaults:4 | Identified the Incunabulum of Virous Stones
 54080 | Elf:1    | Entered Level 1 of the Elven Halls
 54095 | Elf:1    | Reached skill level 15 in Stealth
 54166 | Elf:1    | Found a ruined gateway.
 54303 | Desolati | Entered the Desolation of Salt
 54646 | Desolati | Got a twitching brass ring
 54648 | Desolati | Got a crude mace
 54653 | Desolati | Identified the ring "Cyoxkef" {rPois Str-3 Slay+2 Stlth+} (You found it in the Desolation of Salt)
 54689 | Desolati | Reached skill level 16 in Stealth
 54878 | Desolati | Received a gift from Okawaru
 54887 | Desolati | Got an encrusted flail {god gift}
 54922 | Desolati | Got a faintly glowing glass ring
 55001 | Desolati | Reached XP level 22. HP: 205/238 MP: 26/31
 55032 | Desolati | Got a slimy turquoise ring
 55070 | Desolati | Got a warped turquoise ring
 55121 | Elf:1    | Identified the ring of Voegoum {MR+ Dex+3} (You found it in the Desolation of Salt)
 55122 | Elf:1    | Identified the ring "Qaoclott" {rCorr Int+5} (You found it in the Desolation of Salt)
 55123 | Elf:1    | Identified the ring "Ikhluoc" {rN+ Stlth-} (You found it in the Desolation of Salt)
 55240 | Elf:1    | Identified the Handbook of Battle Magic
 55299 | Elf:1    | Got a shimmering brass amulet
 55301 | Elf:1    | Identified the amulet of Vanity {Inacc SInv} (You found it on level 1 of the Elven Halls)
 55706 | Elf:1    | Reached skill level 17 in Stealth
 56064 | Elf:2    | Found Serph's Armour Emporium.
 56239 | Elf:2    | Found Haprehil's Weapon Emporium.
 56258 | Elf:2    | Found a runed gate.
 56259 | Elf:2    | Found a runed gate.
 56262 | Elf:2    | Found a runed gate.
 56286 | Elf:2    | Received a gift from Okawaru
 56287 | Elf:2    | Got a shimmering naga barding {god gift}
 56298 | Elf:2    | Identified the +4 naga barding of Eternity {god gift, Regen+ Dex+4} (Okawaru gifted it to you on level 2 of the Elven Halls)
 56705 | Elf:2    | Reached skill level 18 in Stealth
 57300 | Elf:3    | Entered Level 3 of the Elven Halls
 57412 | Elf:3    | Reached skill level 19 in Stealth
 57877 | Elf:3    | Reached skill level 20 in Stealth
 57934 | Elf:3    | Reached skill level 1 in Invocations
 57940 | Elf:3    | Reached skill level 1 in Translocations
 58030 | Elf:3    | Reached skill level 1 in Spellcasting
 58136 | Elf:3    | Received a gift from Okawaru
 58830 | Elf:3    | Reached XP level 23. HP: 250/250 MP: 32/32
 58962 | Elf:3    | Identified the Almanac of Helpful Transmutation
 58969 | Elf:3    | Identified the Handbook of Creative Transmutation
 59032 | Elf:3    | Identified the +10 flail of the Hills {god gift, drain, Int+4 Dex-2} (Okawaru gifted it to you in the Desolation of Salt)
 59111 | Elf:3    | Got a twitching lapis lazuli ring
 59304 | D:11     | Identified the ring "Eshul" {MR+ Dex+4 SInv} (You found it on level 3 of the Elven Halls)
 59405 | Depths:1 | Entered Level 1 of the Depths
 59412 | Depths:1 | Received a gift from Okawaru
 59413 | Depths:1 | Got a faintly glowing ring mail {god gift}
 59452 | Depths:1 | Reached skill level 5 in Invocations
 59586 | Depths:1 | Reached skill level 5 in Translocations
 59595 | Depths:1 | Found a magical portal.
 59596 | Depths:1 | Found a shattered altar of Ashenzari.
 59689 | WizLab   | Entered The Hall of the Hellbinder
 60261 | WizLab   | HP: 10/250 [balrug/demon whip (11)]
 60262 | WizLab   | Killed from afar by a balrug

Skill      XL: |  1  2  3  4  5  6  7  8  9 10 11 12 13 14 15 16 17 18 19 20 21 22 23 |
---------------+----------------------------------------------------------------------+-----
Fighting       | 4 5 7 9 11 12 14 15 17 18 | 18.0
Maces & Flails | 3 5 7 9 11 12 14 16 | 16.0
Armour         | 3 4 5 7 8 10 12 13 15 | 15.0
Shields        | 3 4 5 9 |  9.0
Dodging        | 3 6 8 |  8.3
Evocations     | 11 13 | 13.0
Throwing       | 2 7 10 12 15 16 | 16.0
Stealth        | 11 16 20 | 20.0
Invocations    | 3 7 |  7.1
Translocations | 3 6 |  6.0
Spellcasting   | 3 4 |  4.0

Action                   |  1- 3 |  4- 6 |  7- 9 | 10-12 | 13-15 | 16-18 | 19-21 | 22-24 || total
-------------------------+-------+-------+-------+-------+-------+-------+-------+-------++-------
Melee: Flail             |    85 |   129 |   403 |   802 |   267 |       |       |       ||  1686
       Whip              |       |       |    39 |    58 |   719 |    78 |       |       ||   894
       Constrict         |       |       |       |       |   266 |   223 |   259 |   127 ||   875
       Eveningstar       |       |       |       |       |   277 |  1055 |  1384 |   615 ||  3331
Throw: Tomahawk          |       |       |       |     5 |    30 |    97 |       |       ||   132
       Javelin           |       |       |       |       |       |    20 |    62 |    91 ||   173
 Cast: Blink             |       |       |       |       |       |       |       |     1 ||     1
Invok: Heroism           |       |       |       |     1 |       |       |       |       ||     1
       Finesse           |       |       |       |       |       |     1 |     1 |       ||     2
 Abil: Spit Poison       |       |     3 |    25 |       |       |       |       |       ||    28
       Breathe Poison Ga |       |       |    11 |    48 |    29 |    13 |    15 |     3 ||   119
       Evoke Invisibilit |       |       |       |       |     7 |     1 |       |       ||     8
Evoke: Wand              |       |       |     7 |     7 |    15 |    29 |    13 |    13 ||    84
       Phial of floods   |       |       |       |       |       |     1 |     1 |       ||     2
       Lamp of fire      |       |       |       |       |       |     1 |     1 |       ||     2
       Harp of healing   |       |       |       |       |       |       |     3 |     2 ||     5
  Use: Potion            |       |     1 |     6 |       |       |    10 |       |     4 ||    21
       Scroll            |       |       |       |     2 |    17 |    27 |    16 |    14 ||    76
 Stab: Invisible         |       |       |       |       |    34 |     2 |       |       ||    36
       Paralysed         |       |       |       |       |       |     3 |     2 |       ||     5
       Distracted        |       |       |       |       |       |       |     1 |     1 ||     2
       Sleeping          |       |       |       |       |       |       |       |     3 ||     3
  Eat: Ration            |       |     1 |     3 |     2 |     6 |    11 |     4 |     2 ||    29
       Chunk             |       |     2 |    15 |    31 |    17 |     8 |    14 |    10 ||    97
Armor: Scale mail        |    26 |       |       |       |       |       |       |       ||    26
       Ring mail         |    10 |    79 |   295 |   411 |    20 |       |       |       ||   815
       Plate armour      |       |       |       |       |   517 |  1063 |   815 |   376 ||  2771
Dodge: Dodged            |    32 |    48 |   148 |   216 |   138 |   278 |   259 |   103 ||  1222
Block: Shield            |    50 |    75 |   286 |   262 |   409 |   778 |  1068 |   459 ||  3387
       Buckler           |       |       |       |    79 |    64 |       |       |       ||   143
       Reflection        |       |       |       |       |     1 |    33 |    51 |    42 ||   127
